 Dungeon Crawl Stone Soup version 0.17.1-1-g73c8601 (webtiles) character file.

4 Implojin the Sneak (level 1, 0/18 HPs)
             Began as a Minotaur Assassin on Apr 8, 2016.
             Slain by a kobold (2 damage)
             ... on level 2 of the Dungeon.
             The game lasted 00:00:48 (97 turns).

Implojin the Sneak (Minotaur Assassin)                Turns: 97, Time: 00:00:48

Health: 0/18       AC:  3    Str: 15    XL:     1   Next: 50%
Magic:  0/0        EV: 11    Int:  8    God:
Gold:   0          SH:  0    Dex: 11    Spells: 0 memorised, 0 levels left

rFire  . . .     SeeInvis .     (no weapon)
rCold  . . .     Clarity  .     c - +0 robe
rNeg   . . .     SustAt   .     (no shield)
rPois  .         Gourm    .     (helmet restricted)
rElec  .         Spirit   .     d - +0 cloak
rCorr  .         Warding  .     (no gloves)
rMut   .         Stasis   .     (no boots)
MR     .....                    (no amulet)
Stlth  ++........               (no ring)
                                (no ring)

@: not resistant to hostile enchantments, unstealthy
A: retaliatory headbutt, horns 2
a: no special abilities


You were on level 2 of the Dungeon.
You were not hungry.

You visited 1 branch of the dungeon, and saw 2 of its levels.

Inventory:

Hand Weapons
 a - a +2 dagger
 b - a +0 blowgun
Missiles
 e - 8 poisoned needles
 f - 2 curare-tipped needles
Armour
 c - a +0 robe (worn)
 d - a +0 cloak (worn)
 j - a +0 plate armour
Scrolls
 i - a scroll of remove curse {unknown}
Comestibles
 g - a bread ration
 h - a meat ration


   Skills:
 * Level 2.9 Fighting
 - Level 2.1 Short Blades
 - Level 2.0 Throwing
 - Level 1.1 Dodging
 - Level 3.2 Stealth


You couldn't memorise any spells.
You didn't know any spells.

Dungeon Overview and Level Annotations

Branches:
Dungeon (2/15)

Altars:


Innate Abilities, Weirdness & Mutations

You reflexively headbutt those who attack you in melee.
You have a pair of horns on your head.


Message History

A gnoll comes into view. It is wielding a spear.
There is a stone staircase leading up here.
You barely miss the hobgoblin. The hobgoblin hits you with a club.
You closely miss the hobgoblin. The gnoll barely misses you.
The hobgoblin closely misses you. You furiously retaliate!
You headbutt the hobgoblin!
You kill the hobgoblin!
A bat comes into view.
The kobold closely misses you.
You hit the kobold but do no damage. You headbutt the kobold.
The kobold is moderately wounded.
The kobold barely misses you. You furiously retaliate!
You headbutt the kobold, but do no damage.
You barely miss the kobold.
The kobold is moderately wounded.
The kobold barely misses you. You furiously retaliate!
You headbutt the kobold. You hit the kobold but do no damage.
You headbutt the kobold, but do no damage.
The kobold is severely wounded.
The bat moves out of view.
The kobold hits you.
You hit the kobold but do no damage.
The kobold is severely wounded.
The gnoll hits you from afar with a spear.
* * * LOW HITPOINT WARNING * * *
The kobold hits you.
* * * LOW HITPOINT WARNING * * *
You hit the kobold.
The kobold is almost dead.
The kobold hits you.
* * * LOW HITPOINT WARNING * * *
Found a plate armour.
You see here a plate armour.
j - a plate armour The kobold hits you but does no damage.
You open the door. The kobold barely misses you.
There is an open door here.
A worm comes into view.
Found 7 gold pieces and a scroll labeled YZOBLA LOETEM.
You open the door. The kobold hits you.
You die...

#.'......##
#.#.......##
#.####.....## #g#
###....# #g#
###g..## #.#
l$##....# #.##.?.
##g.w# #.##$b
#.K.#
#.########.@.#
#.......###'## .#
###......##.# ..##
#..g...##.####....
######.##.......#
#.####.....###.
#g#...........
#...........#
###..g.....%#


You could see a worm (sleeping), 2 gnolls and a kobold.

Vanquished Creatures
  2 hobgoblins
  A kobold (D:1)
3 creatures vanquished.

Notes
Turn   | Place    | Note
--------------------------------------------------------------
     0 | D:1      | Implojin the Minotaur Assassin began the quest for the Orb.
     0 | D:1      | Reached XP level 1. HP: 18/18 MP: 0/0
    97 | D:2      | Slain by a kobold

Action                   || total
-------------------------++-------
Melee: Unarmed           ||    13

Table legend:
 A = Turns spent in this place as a percentage of turns spent in the entire game.
 B = Non-inter-level travel turns spent in this place as a percentage of non-inter-level travel turns spent in the entire game.
 C = Inter-level travel turns spent in this place as a percentage of turns spent in this place.
 D = Turns resting spent in this place as a percentage of non-inter-level travel turns spent in this place.
 E = Turns spent auto-exploring this place as a percentage of non-inter-level travel turns spent in this place.
 F = Non-inter-level travel turns spent in this place divided by the number of levels of this place that you've seen.
                   A       B       C       D       E      F
               +-------+-------+-------+-------+-------+----------------------
         Total | 100.0 | 100.0 |   0.0 |   0.0 |   0.0 |  48.0
       Dungeon | 100.0 | 100.0 |   0.0 |   0.0 |   0.0 |  48.0
               +-------+-------+-------+-------+-------+----------------------

Table legend:
 A = Kills in this place as a percentage of kills in entire the game.
 B = Kills by you in this place as a percentage of kills by you in the entire game.
 C = Kills by friends in this place as a percentage of kills by friends in the entire game.
 D = Other kills in this place as a percentage of other kills in the entire game.
 E = Experience gained in this place as a percentage of experience gained in the entire game.
 F = Experience gained in this place divided by the number of levels of this place that you have seen.
                   A       B       C       D       E      F
               +-------+-------+-------+-------+-------+----------------------
         Total | 100.0 | 100.0 |  -nan |  -nan | 100.0 |   3.0
       Dungeon | 100.0 | 100.0 |  -nan |  -nan | 100.0 |   3.0
               +-------+-------+-------+-------+-------+----------------------
